 Dungeon Crawl Stone Soup version 0.23.0 (webtiles) character file.

Game seed: 17081011234595958045

71 MalarOregon the Magician (level 4, 0/33 HPs)
             Began as a Merfolk Wizard on Feb 18, 2019.
             Hit by a goblin thrown by Robin (1 damage)
             ... on level 2 of the Dungeon.
             The game lasted 00:06:25 (2617 turns).

MalarOregon the Magician (Merfolk Wizard)           Turns: 2617, Time: 00:06:26

Health: 0/33       AC:  2    Str:  7    XL:     4   Next: 24%
Magic:  1/10       EV: 13    Int: 18    God:
Gold:   85         SH:  0    Dex: 12    Spells: 6/11 levels left

rFire    . . .     SeeInvis .   m - +0 club
rCold    . . .     Gourm    .   (no shield)
rNeg     . . .     Faith    .   a - +0 robe
rPois    .         Spirit   .   b - +0 hat
rElec    .         Reflect  .   (no cloak)
rCorr    .         Harm     .   (no gloves)
MR       .....                  (no boots)
Stlth    ++........             (no amulet)
HPRegen  0.11/turn              (no ring)
MPRegen  0.12/turn              (no ring)

@: very slightly contaminated
A: change form in water, swift swim, stealthy swim
a: no special abilities


You were on level 2 of the Dungeon.
You were not hungry.

You visited 1 branch of the dungeon, and saw 2 of its levels.

You collected 85 gold pieces.

Inventory:

Hand Weapons
 m - a +0 club (weapon)
   (You took it off a hobgoblin on level 2 of the Dungeon)
Armour
 a - a +0 robe (worn)
 b - a +0 hat (worn)
Jewellery
 i - a +4 ring of evasion {unknown}
   (You found it on level 1 of the Dungeon)
Scrolls
 g - a scroll of teleportation {unknown}
 h - 2 scrolls of identify {unknown}
 k - a scroll of magic mapping {unknown}
 l - a scroll of remove curse {unknown}
Potions
 c - a potion of cancellation {unknown}
 d - a potion of experience {unknown}
 f - 2 potions of curing {unknown}
 j - a potion of berserk rage {unknown}
Comestibles
 e - 2 rations {!d}
 n - a chunk of flesh


   Skills:
 + Level 2.1 Fighting
 - Level 3.0 Dodging
 - Level 2.1 Stealth
 - Level 4.0 Spellcasting
 - Level 1.0 Conjurations
 - Level 1.0 Summonings
 - Level 1.0 Translocations


You had 6 spell levels left.
You knew the following spells:

 Your Spells              Type           Power        Failure   Level  Hunger
a - Magic Dart            Conj           #...         10%         1    None
b - Blink                 Tloc           N/A          14%         2    ##.....
x - Call Imp              Summ           #.......     14%         2    ##.....

Your spell library contained the following spells:

 Spells                   Type           Power        Failure   Level  Hunger
 Slow                     Hex            #.......     22%         2    ##.....
 Conjure Flame            Conj/Fire      #.......     34%         3    ###....
 Mephitic Cloud           Conj/Pois/Air  #.......     36%         3    ###....


Dungeon Overview and Level Annotations

Branches:
Dungeon (2/15)

Altars:

Annotations:
D:2 Robin


Message History

You miscast Call Imp.
You are very lightly contaminated with residual magic.
Nothing appears to happen.
Some of the chunks of flesh in your inventory have rotted away.
A beastly little devil appears in a puff of flame.
You hit Robin but do no damage. Robin hits you with a +0 club.
You hit Robin. Robin hits you with a +0 club.
Your crimson imp barely misses Robin.
You barely miss Robin. Robin hits you with a +0 club.
Your crimson imp barely misses Robin.
Robin hits you with a +0 club.
You barely miss Robin.
Your crimson imp closely misses Robin.
Robin hits you with a +0 club.
Your crimson imp hits Robin but does no damage.
A beastly little devil appears in a puff of flame.
A goblin comes into view.
Your crimson imp hits Robin.
Robin barely misses you.
You hit Robin.
Robin roars a battlecry!
The goblin goes into a battle-frenzy!
You barely miss Robin.
Your crimson imp closely misses Robin.
Your crimson imp blinks!
Robin misses you. The goblin closely misses you.
You closely miss Robin.
Your crimson imp hits Robin but does no damage.
Your crimson imp blinks!
Robin hits you with a +0 club.
* * * LOW HITPOINT WARNING * * *
The goblin hits you.
* * * LOW HITPOINT WARNING * * *
Your crimson imp hits Robin but does no damage.
You completely miss Robin. The goblin closely misses you.
Your crimson imp closely misses Robin.
The goblin closely misses you. Robin throws the goblin at you!
* * * LOW HITPOINT WARNING * * *
You barely miss the goblin.
Your crimson imp blinks!
The goblin hits you.
* * * LOW HITPOINT WARNING * * *
Your crimson imp hits Robin but does no damage.
Your crimson imp closely misses the goblin.
Robin hits you with a +0 club.
* * * LOW HITPOINT WARNING * * *
Your crimson imp closely misses Robin.
Your crimson imp hits Robin but does no damage.
The goblin barely misses you.
Robin roars a battlecry!
The goblin goes into a battle-frenzy!
Your crimson imp blinks!
Your crimson imp barely misses Robin.
Robin throws the goblin at you!
You die...

.... ..
........######.######
.......
l.........†..........
.......
######.######.#.#.##
###.#.# #.# #.#.#.#
....... #.# #.#.#.#
......# #.# #.#.#.#
....... .#.
##§######.#.#.## ......#
.....####.<5......#...>.
#######
......g@.gg.#########.##
.....######.# #.# ...
###.# #.# # ###...## #.#
# ###.g.#..# #.# #
#####.g.####.## #.# ##
###.'g..###..#..# #.# g#
###..[##.##..).##.##
#.## .#
###...#..#..#.....#..#
#.#.


You could see Robin, 2 goblins and a friendly crimson imp.

Vanquished Creatures
  An adder (D:2)
  3 dart slugs
  A leopard gecko (D:2)
  7 bats
  3 giant cockroaches
  3 hobgoblins (D:2)
  A jackal (D:2)
  9 frilled lizards
  13 goblins
  5 kobolds
  7 rats
53 creatures vanquished.

Vanquished Creatures (collateral kills)
  3 jackals (D:2)
3 creatures vanquished.

Grand Total: 56 creatures vanquished

Notes
Turn   | Place    | Note
-------+----------+-------------------------------------------
     0 | D:1      | MalarOregon the Merfolk Wizard began the quest for the Orb.
     0 | D:1      | Reached XP level 1. HP: 13/13 MP: 4/4
   308 | D:1      | Reached XP level 2. HP: 19/19 MP: 4/6
   331 | D:1      | Learned a level 2 spell: Call Imp
  1522 | D:2      | Learned a level 2 spell: Blink
  1566 | D:2      | Reached skill level 4 in Spellcasting
  1566 | D:2      | Reached XP level 3. HP: 22/24 MP: 0/8
  1657 | D:2      | Reached skill level 1 in Fighting
  2391 | D:2      | Reached skill level 1 in Conjurations
  2427 | D:2      | Reached XP level 4. HP: 33/33 MP: 5/10
  2439 | D:2      | Reached skill level 1 in Translocations
  2451 | D:2      | Noticed Robin
  2615 | D:2      | HP: 1/33 [Robin/+0 club (6)]
  2617 | D:2      | Hit by a goblin thrown by Robin

Skill      XL: |  1  2  3  4 |
---------------+-------------+-----
Spellcasting   | 4 |  4.0
Fighting       | 2 |  2.1
Conjurations   | 1 |  1.0
Translocations | 1 |  1.0
Dodging        | 3 |  3.0
Stealth        | |  2.1
Summonings     | |  1.0

Action                   |  1- 3 |  4- 6 || total
-------------------------+-------+-------++-------
Melee: Unarmed           |    17 |       ||    17
       Club              |    21 |    27 ||    48
 Cast: Magic Dart        |    98 |    16 ||   114
       Call Imp          |     1 |     2 ||     3
 Stab: Sleeping          |     2 |       ||     2
  Eat: Chunk             |     5 |       ||     5
Armor: Robe              |    16 |     5 ||    21
Dodge: Dodged            |    65 |    20 ||    85
